 Dungeon Sprint DCSS version 0.17.1-3-g152610e (webtiles) character file.

558 Kokonut the Carver (level 7, -5/79 HPs)
             Began as a Demonspawn Berserker on Mar 28, 2016.
             Was an Elder of Trog.
             Killed from afar by a deep elf fighter (7 damage)
             ... with a magic dart
             ... in the Dungeon (Sprint V: "Ziggurat Sprint").
             The game lasted 00:04:06 (155 turns).

Kokonut the Carver (Demonspawn Berserker)            Turns: 155, Time: 00:04:07

Health: -5/79      AC: 27    Str: 28    XL:     7   Next: 9%
Magic:  7/7        EV: 10    Int:  8    God:    Trog [****..]
Gold:   0          SH:  0    Dex: 21    Spells: 0 memorised, 6 levels left

rFire  . . .     SeeInvis .     I - +14 plutonium sword {*Contam Stlth-}
rCold  . . .     Clarity  .     J - +15 Maxwell's patent armour {-Cast -Tele rElec MR+ rCorr}
rNeg   + + .     SustAt   .     (shield currently unavailable)
rPois  +         Gourm    .     (helmet restricted)
rElec  +         Spirit   .     (no cloak)
rCorr  +         Warding  +     (no gloves)
rMut   .         NoTele   +     (no boots)
MR     +....     NoCast   +     M - amulet of Cekugob {Ward -Tele rElec rPois rN++ AC+1 EV+1}
Stlth  ..........               F - +6 ring of strength
                                B - +6 ring of dexterity

@: berserking, very quick, somewhat resistant to hostile enchantments, extremely
unstealthy
A: antennae 1, claws 1, talons 1, nightstalker 1
a: Berserk, Trog's Hand, Brothers in Arms, Burn Spellbooks, Renounce Religion


You were in the Dungeon.
You worshipped Trog.
Trog was greatly pleased with you.
You were not hungry.

You visited 1 branch

Inventory:

Hand Weapons
 a - a +0 falchion
 I - the +14 plutonium sword (weapon) {*Contam Stlth-}
   (You found it in the Dungeon)

   It causes magical contamination when unequipped.
   It makes you less stealthy.
Armour
 b - a +0 animal skin
 j - a +5 gold dragon armour
 J - the +15 Maxwell's patent armour (worn) {-Cast -Tele rElec MR+ rCorr}
   (You found it in the Dungeon)

   It insulates you from electricity.
   It affects your resistance to hostile enchantments.
   It prevents spellcasting.
   It prevents most forms of teleportation.
   It protects you from acid and corrosion.
 L - the +5 plate armour of Limitation {rC+ rN+ Str+4}
   (You found it in the Dungeon)

   It affects your strength (+4).
   It protects you from cold.
   It protects you from negative energy.
Jewellery
 B - a +6 ring of dexterity (left claw)
 C - a +6 ring of dexterity
 D - a +6 ring of intelligence
 E - a +6 ring of intelligence
 F - a +6 ring of strength (right claw)
 G - a +6 ring of strength
 H - an uncursed ring of flight
 M - the amulet of Cekugob (around neck) {Ward -Tele rElec rPois rN++ AC+1 EV+1}
   (You found it in the Dungeon)

   [amulet of warding]

   It may prevent the melee attacks of summoned creatures.
   It affects your AC (+1).
   It affects your evasion (+1).
   It insulates you from electricity.
   It protects you from poison.
   It greatly protects you from negative energy.
   It prevents most forms of teleportation.
Wands
 x - a wand of disintegration (7)
 y - a wand of fire (5)
 z - a wand of cold (5)
 A - a wand of draining (5)
Scrolls
 i - 4 scrolls of blinking
 q - 3 scrolls of recharging
 r - 7 scrolls of fog
 s - 5 scrolls of identify
 t - 5 scrolls of remove curse
 u - 2 scrolls of fear
 K - 2 scrolls of brand weapon
Potions
 d - 10 potions of curing
 e - 10 potions of heal wounds
 f - 6 potions of haste
 g - 7 potions of magic
 h - 3 potions of berserk rage
 k - 2 potions of brilliance
 l - 2 potions of invisibility
 m - 4 potions of resistance
 n - a potion of experience
 o - 5 potions of agility
 p - 5 potions of might
Books
 N - a Grand Grimoire

   Spells                             Type                      Level
   a - Monstrous Menagerie            Summoning                    6
   b - Summon Greater Demon           Summoning                    7
   c - Malign Gateway                 Summoning/Translocation      7
   d - Summon Horrible Things         Summoning                    8
   Trog disapproves of the use of such an item.
Comestibles
 c - 5 bread rations
 v - 42 fruits
 w - 4 meat rations


   Skills:
 + Level 3.9 Fighting
 * Level 13.2 Long Blades
 + Level 2.9 Armour
 + Level 2.8 Dodging


You had 6 spell levels left.
You didn't know any spells.

Dungeon Overview and Level Annotations

Branches:
Dungeon (1/1)

Altars:
Ashenzari
Cheibriados
Dithmenos
Elyvilon
Fedhas
Gozag
Kikubaaqudgha
Makhleb
Nemelex Xobeh
Okawaru
Qazlal
Ru
Sif Muna
Trog
Vehumet
Xom
Yredelemnul
Zin
The Shining One
Beogh
Jiyva
Lugonu


Innate Abilities, Weirdness & Mutations

You have a pair of small antennae on your head.
You have sharp fingernails.
You have sharp toenails.
You are slightly more attuned to the shadows.


Message History

The deep elf fighter hits you but does no damage.
You hear a twanging sound.
An arrow appears from out of thin air!
The arrow hits you but does no damage.
The deep elf knight hits you but does no damage.
You slash the deep elf knight! Your kick misses the deep elf knight.
The deep elf knight is moderately wounded.
The deep elf knight hits you with a short sword.
* * * LOW HITPOINT WARNING * * *
The deep elf fighter gestures at you while chanting.
The puff of frost hits you!
* * * LOW HITPOINT WARNING * * *
You hear a twanging sound.
An arrow appears from out of thin air!
The arrow hits you but does no damage.
You hit the deep elf knight. You claw the deep elf knight.
The deep elf knight is moderately wounded.
The deep elf knight barely misses you.
The deep elf knight hits you but does no damage.
The deep elf fighter casts a spell at you.
The magic dart hits you!
You die...

▓.....▓..†..▓.....▓
▓.....▓.....▓.....▓
▓.....▓.....▓▓▓▓▓▓▓
▓▓▓▓▓▓▓▓▓▓▓▓▓▓▓▓▓▓▓
▓..8©8...▓..8©8...▓
▓...[....▓..}[[...▓
▓...)....▓..|.{...▓
▓........▓...e)e..▓
▓........▓...e@...▓
▓.▓.(..▓.▓.▓.(..▓.▓
▓........▓........▓
▓▓▓▓▓▓▓▓▓▓▓▓▓▓▓▓▓▓▓


You could see 2 deep elf knights and a deep elf fighter.

Vanquished Creatures
  A deep elf mage (D)
  A crocodile (shapeshifter) (D)
  A brain worm (shapeshifter) (D)
  A big kobold (shapeshifter) (D)
  2 crimson imps (D)
  2 iron imps (D)
  A quasit (D)
  2 shadow imps (D)
  A white imp (D)
  An adder skeleton (D)
  A bat skeleton (D)
14 creatures vanquished.

Notes
Turn   | Place    | Note
--------------------------------------------------------------
     0 | D        | Kokonut the Demonspawn Berserker began the quest for the Orb.
     0 | D        | Reached XP level 1. HP: 18/18 MP: 1/1
     3 | D        | Found an iron altar of Okawaru.
     3 | D        | Found a radiant altar of Vehumet.
     3 | D        | Found a shimmering altar of Xom.
     3 | D        | Found a burning altar of Makhleb.
     4 | D        | Found a deep blue altar of Sif Muna.
     6 | D        | Found a roughly hewn altar of Beogh.
     6 | D        | Found a corrupted altar of Lugonu.
     6 | D        | Found a viscous altar of Jiyva.
     6 | D        | Found a white marble altar of Elyvilon.
     6 | D        | Found a sparkling altar of Nemelex Xobeh.
     6 | D        | Found a bloodstained altar of Trog.
    44 | D        | Entered arena 1.
    47 | D        | Reached skill level 4 in Long Blades
    47 | D        | Gained mutation: You have sharp toenails. [demonic ancestry]
    47 | D        | Reached XP level 2. HP: 20/24 MP: 2/2
    55 | D        | Entered arena 2.
    55 | D        | Noticed a water moccasin
    55 | D        | Noticed a brain worm
    55 | D        | Noticed a big kobold
    57 | D        | Noticed a crocodile
    57 | D        | a water moccasin changed into a crocodile
    60 | D        | Killed a brain worm
    60 | D        | Reached ** piety under Trog
    60 | D        | Reached skill level 8 in Long Blades
    60 | D        | Gained mutation: You have sharp fingernails. [demonic ancestry]
    60 | D        | Reached XP level 3. HP: 14/29 MP: 3/3
    60 | D        | Gained mutation: You have a pair of small antennae on your head. [demonic ancestry]
    60 | D        | Reached XP level 4. HP: 16/35 MP: 4/4
    63 | D        | Killed a big kobold
    63 | D        | Reached skill level 9 in Long Blades
    63 | D        | Reached XP level 5. HP: 17/41 MP: 5/5
    64 | D        | Killed a crocodile
    64 | D        | Reached skill level 11 in Long Blades
   105 | D        | Entered arena 3.
   105 | D        | Noticed a quasit
   107 | D        | Killed a quasit
   112 | D        | Reached *** piety under Trog
   112 | D        | Reached XP level 6. HP: 32/47 MP: 6/6
   118 | D        | Got the +5 plate armour of Limitation {rC+ rN+ Str+4}
   125 | D        | Entered arena 4.
   125 | D        | Noticed a crimson imp
   125 | D        | Noticed an iron imp
   125 | D        | Noticed a crimson imp
   125 | D        | Noticed an iron imp
   128 | D        | Killed an iron imp
   128 | D        | Received a gift from Trog
   133 | D        | Killed an iron imp
   133 | D        | Reached skill level 12 in Long Blades
   135 | D        | Killed a crimson imp
   137 | D        | Killed a crimson imp
   148 | D        | Entered arena 5.
   148 | D        | Noticed a deep elf fighter
   148 | D        | Noticed a deep elf fighter
   148 | D        | Noticed a deep elf knight
   148 | D        | Noticed a deep elf knight
   148 | D        | Noticed a deep elf mage
   153 | D        | Killed a deep elf mage
   153 | D        | Reached **** piety under Trog
   153 | D        | Reached skill level 13 in Long Blades
   153 | D        | Gained mutation: You are slightly more attuned to the shadows. [demonic ancestry]
   153 | D        | Reached XP level 7. HP: 6/53 MP: 7/7
   154 | D        | HP: 2/79 [deep elf fighter/puff of frost (2)]
   155 | D        | Killed from afar by a deep elf fighter

Action                   |  1- 3 |  4- 6 |  7- 9 || total
-------------------------+-------+-------+-------++-------
Melee: Triple sword      |     4 |    24 |     2 ||    30
Invok: Berserk           |     1 |     2 |       ||     3
